 Dungeon Crawl Stone Soup version 0.25.1-2-g60ff931df9 (webtiles) character file.

Game seed: 17975171323633152436

28 Araneus the Skirmisher (level 3, 0/29 HPs)
             Began as a Mummy Fighter on Nov 13, 2020.
             Slain by a worm (7 damage)
             ... on level 2 of the Dungeon.
             The game lasted 00:02:20 (800 turns).

Araneus the Skirmisher (Mummy Fighter)               Turns: 800, Time: 00:02:21

Health: 0/29       AC:  8    Str: 20    XL:     3   Next: 0%
Magic:  3/3        EV:  7    Int:  7    God:
Gold:   63         SH:  9    Dex: 11    Spells: 2/2 levels left

rFire    x . .     SeeInvis .   a - +0 flail
rCold    + . .     Gourm    .   c - +0 kite shield
rNeg     + + +     Faith    .   b - +0 scale mail
rPois    ∞         Spirit   .   (no helmet)
rElec    .         Reflect  .   (no cloak)
rCorr    .         Harm     .   i - +0 pair of gloves
MR       .....                  j - +0 pair of boots
Stlth    ..........             (no amulet)
HPRegen  0.09/turn              (no ring)
MPRegen  0.08/turn              (no ring)

@: no status effects
A: no food or potions, fire vulnerability, cold resistance 1, negative energy
resistance 3, torment resistance, unbreathing
a: no special abilities


You were on level 2 of the Dungeon.
You were not hungry.

You visited 1 branch of the dungeon, and saw 2 of its levels.

You collected 63 gold pieces.

Inventory:

Hand Weapons
 a - a +0 flail (weapon)
Armour
 b - a +0 scale mail (worn)
 c - a +0 kite shield (worn)
 i - a +0 pair of gloves (worn)
 j - a +0 pair of boots (worn)
Jewellery
 e - an uncursed amulet of the acrobat {unknown}
Scrolls
 d - 3 scrolls of teleportation {unknown}
 f - 6 scrolls of identify {unknown}
 g - a scroll of immolation {unknown}
 h - 2 scrolls of remove curse {unknown}


   Skills:
 - Level 3.0 Fighting
 * Level 2.4 Maces & Flails
 - Level 2.4 Armour
 + Level 2.9 Shields


You had 2 spell levels left.
You didn't know any spells.
Your spell library was empty.

Dungeon Overview and Level Annotations

Branches:
Dungeon (2/15)

Altars:


Innate Abilities, Weirdness & Mutations

You do not eat or drink.
Your flesh is vulnerable to fire.
You are immune to poison.
Your flesh is cold resistant. (rC+)
You are immune to negative energy. (rN+++)
You are immune to unholy pain and torment.
You can survive without breathing.


Message History

The worm is moderately wounded.
The worm bites you but does no damage.
You hit the worm.
The worm is moderately wounded.
The worm bites you but does no damage.
You hit the worm but do no damage.
The worm is moderately wounded.
You sock the worm!
The worm is severely wounded.
The worm barely misses you.
You hit the worm.
The worm is severely wounded.
You block the worm's attack.
You barely miss the worm.
The worm is severely wounded.
The worm bites you but does no damage.
You hit the worm.
The worm is almost dead.
The worm bites you!
You die...

.........#.##...####.........#
...........#...## #...##†.###
.............#†## #...##....#
...........# #..# #...##.##.#
...........# ##.# #...##.##%#
...........# #.# ##.###.##..
.........†.## #.# #.###.###.
............###.### #.##......
.....(...##ww@....###.##....†. .
#####...######.##...#.##...... .#
#..### #>####....#......
..#####.# #............##..
........ ####............#
#...### #######........<#....#
.#.#.#######.................####
....<..........#..#...........#
#.#..............##.#.......#.#


You could see a worm and a dart slug.

Vanquished Creatures
  3 dart slugs
  5 bats
  2 hobgoblins (D:2)
  5 kobolds
  A quokka (D:2)
  4 frilled lizards (D:2)
  A goblin (D:1)
  3 rats
24 creatures vanquished.

Notes
Turn   | Place    | Note
-------+----------+-------------------------------------------
     0 | D:1      | Araneus the Mummy Fighter began the quest for the Orb.
     0 | D:1      | Reached XP level 1. HP: 18/18 MP: 1/1
     3 | D:1      | Noticed an anaconda
   105 | D:1      | Noticed a death yak
   304 | D:1      | Reached XP level 2. HP: 17/24 MP: 2/2
   793 | D:2      | Reached XP level 3. HP: 6/29 MP: 3/3
   800 | D:2      | Slain by a worm

Illustrated notes

Levels and vault maps discovered:
D:1:      sevenhm_arrival_forest_fort_small_2, layout_rooms
D:2:      layout_rooms, nicolae_ru_awakened_eye, okawaru_ov_weapons_minmay,
          first_ration

Skill      XL: |  1 |
---------------+----+-----
Maces & Flails | 2 |  2.4
Fighting       | |  3.0
Armour         | |  2.4
Shields        | |  2.9

Action                   || total
-------------------------++-------
Melee: Flail             ||    99
Armor: Scale mail        ||    55
Dodge: Dodged            ||    37
Block: Kite shield       ||    55
